 Dungeon Crawl Stone Soup version bcrawl-1.41.1 (webtiles) character file.

Game seed: 146416572093995891

340604 Grimmash the Ducker (level 10, -3/56 HPs)
             Began as a Mana Stalker Archaeologist on Apr 17, 2024.
             Was a Believer of Cheibriados.
             Killed from afar by a gargoyle (10 damage)
             ... with a stone arrow
             ... on level 7 of the Dungeon.
             The game lasted 00:10:44 (6256 turns).

Grimmash the Ducker (Mana Stalker Archaeologist)    Turns: 6256, Time: 00:10:45

Health: -3/56      AC: 17    Str: 30    XL:     10   Next: 16%
Magic:  26/26      EV: 14    Int: 23    God:    Cheibriados [**....]
Gold:   406        SH:  8    Dex: 19    Spells: 15/17 levels left

rFire    + . .     GDR:     34% a - +0 long sword
rCold    + . .     SeeInvis .   i - +0 buckler
rNeg     . . .     Gourm    .   D - +0 scale mail
rPois    +         Faith    .   y - +0 helmet
rElec    +         Spirit   .   h - +2 cloak {rPois}
rCorr    +         Reflect  .   N - +2 pair of gloves
MR       ++...     Clarity  +   o - +1 pair of boots
Stlth    ++........             (no amulet)
HPRegen  0.59/turn              w - +5 ring of strength
MPRegen  0.20/turn              A - ring of magical power

@: mighty, swift, resistant, flying, hasted, very quick
A: fangs 3, magic resistance 1, regeneration 1, antimagic bite, no potion heal
3, rot immunity, strong jaws
a: Bend Time, Defer, Renounce Religion


You were on level 7 of the Dungeon.
You worshipped Cheibriados.
Cheibriados was pleased with you.
You were hungry.

You visited 2 branches of the dungeon, and saw 8 of its levels.

You collected 406 gold pieces.

Inventory:

Hand Weapons
 a - a +0 long sword (weapon)
 b - a +0 blowgun
 q - a +4 dagger
Missiles
 f - 6 curare-tipped needles
 k - 4 poisoned tomahawks
 r - 126 exploding tomahawks (quivered)
 v - 136 poisoned needles
Armour
 h - a +2 cloak of poison resistance (worn)
 i - a +0 buckler (worn)
 o - a +1 pair of boots (worn)
 y - a +0 helmet (worn)
 D - a +0 scale mail (worn)
 N - a +2 pair of gloves (worn)
Jewellery
 w - a +5 ring of strength (left hand)
 A - a ring of magical power (right hand)
 B - a cursed ring of ice
Wands
 C - a wand of paralysis (5)
 J - a wand of iceblast (8)
Scrolls
 g - 3 scrolls of revelation
 n - 2 scrolls of teleportation
 u - 6 scrolls of remove curse
 x - 3 scrolls of amnesia {unknown}
 z - 4 scrolls of fog {unknown}
 E - a scroll of vulnerability {unknown}
 F - a scroll of blinking {unknown}
 G - a scroll of noise {unknown}
 K - a scroll of fear {unknown}
Potions
 c - a potion of berserk rage {unknown}
 d - a potion of might
 j - a potion of curing
 l - a potion of flight
 m - a potion of lignification {unknown}
 p - a potion of cancellation {unknown}
 s - a potion of degeneration {unknown}
 t - a potion of haste
 H - a potion of brilliance {unknown}
 I - a potion of heal wounds
 L - a potion of resistance
Comestibles
 e - 14 rations {!d}


   Skills:
 * Level 4.1 Fighting
 + Level 0.5(4.0) Short Blades
 * Level 6.3(6.4) Long Blades
   Level 0.8 Maces & Flails
 + Level 3.3 Throwing
 * Level 4.7 Armour
 * Level 6.4 Dodging
 + Level 5.8 Stealth
 * Level 2.0 Shields
 * Level 4.2 Spellcasting
 * Level 3.0 Conjurations
 * Level 2.1 Ice Magic
 * Level 2.6 Invocations


You had 15 spell levels left.
You knew the following spells:

 Your Spells              Type           Power        Failure   Level  Hunger
a - Throw Frost           Conj/Ice       ###...       10%         2    None

Your spell library contained the following spells:

 Spells                   Type           Power        Failure   Level  Hunger
 Freeze                   Ice            ##....       19%         1    None
 Ozocubu's Armour         Chrm/Ice       #.......     65%         3    ###....
 Throw Icicle             Conj/Ice       ###.....     85%         4    #####..
 Ice Form                 Ice/Tmut       #.......     96%         4    #####..
 Summon Ice Beast         Ice/Summ       #.......     96%         4    #####..


Dungeon Overview and Level Annotations

Branches:
Dungeon (7/12)             Temple (1/1) D:5
   Lair: D:7-9

Altars:
Ashenzari
Cheibriados
Dithmenos
Elyvilon
Fedhas
Gozag
Hepliaklqana
Kikubaaqudgha
Nemelex Xobeh
Okawaru
Qazlal
Sif Muna
Uskayaw
Wu Jian
Xom
Zin
The Shining One


Innate Abilities, Weirdness & Mutations

You have razor-sharp teeth.
You are resistant to hostile enchantments. (MR+)
Your natural rate of healing is unusually fast.
Your bite disrupts and absorbs the magic of your enemies.
Potions cannot restore your health.
You are immune to rotting.
Your bites deal extra damage.


Message History

It was a potion of haste.
You feel yourself speed up.
Cheibriados forgives your accidental hurry, just this once.
The hound closely misses you. You block the hound's attack.
No path to travel!
It was a potion of heal wounds.
That seemed strangely inert.
The hound barely misses you.
No path to travel!
It was a potion of resistance.
You feel protected. The hound misses you.
No path to travel!
You hit the hound.
The hound is lightly wounded.
The hound bites you but does no damage.
You slash the hound! You bite the hound.
You kill the hound!
Cheibriados appreciates the change of pace.
The gargoyle hurls a stone arrow at you.
The stone arrow hits you!
You die...

....## #.......# ...##
#.⌠...⌠.# ....# #....⌠..###
....# .'...⌠.).')##
.####..#..⌠....#..#
....#..#.⌠...⌠.#..# ....#.
#.......#9W#
..#.##'#########†##
....##...##8##..@###
....###..'...'..##.##
.....#.#.#8÷8#.#)#..##
#....#####8.8#####...#
#........#8.8#.....####
.........##'##.....##.######
##...###.......#....)..#...###
#....#....##......#..........##
......#...#......##...........#


You could see a wraith and a gargoyle.

Vanquished Creatures
  A deep elf mage (D:7)
  An ugly thing (D:7)
  A hippogriff (D:4)
  A yak (D:7)
  An orc warrior (D:6)
  2 sky beasts
  2 ice beasts
  A phantom (D:4)
  4 ogres
  A kobold brigand (D:6)
  5 bullfrogs
  3 centaurs
  A water moccasin skeleton (D:4)
  A killer bee (D:7)
  3 orc priests
  3 howler monkeys
  3 crimson imps
  A hound (D:7)
  2 bullfrog skeletons
  3 jellies
  4 orc wizards
  2 iguanas (D:5)
  4 worker ants
  A howler monkey zombie (D:7)
  Robin (D:3)
  4 gnolls
  11 adders
  3 shadow imps
  A worker ant simulacrum (D:7)
  3 oozes
  An adder skeleton (D:7)
  A worm (D:2)
  5 dart slugs
  3 leopard geckos
  28 orcs
  5 giant cockroaches
  13 goblins
  9 hobgoblins
  8 jackals
  4 quokkas
  A ball python (D:2)
  4 bats (D:1)
  3 frilled lizards
  A jackal skeleton (D:4)
  8 kobolds
  10 rats
178 creatures vanquished.

Notes
Turn   | Place    | Note
-------+----------+-------------------------------------------
     0 | D:1      | Grimmash the Vine Stalker Archaeologist began the quest for
                  | the Orb.
     0 | D:1      | Reached XP level 1. HP: 11/11 MP: 2/2
   153 | D:1      | Reached XP level 2. HP: 16/16 MP: 3/3
   357 | D:1      | Reached skill level 1 in Fighting
   480 | D:1      | Reached XP level 3. HP: 15/20 MP: 4/4
  1005 | D:2      | Reached skill level 1 in Long Blades
  1026 | D:2      | Reached XP level 4. HP: 16/25 MP: 4/6
  1247 | D:2      | Reached skill level 5 in Stealth
  1299 | D:2      | Found a white marble altar of Elyvilon.
  1630 | D:3      | Noticed Robin
  1641 | D:3      | Killed Robin
  1642 | D:3      | Reached skill level 1 in Spellcasting
  1642 | D:3      | Reached XP level 5. HP: 17/29 MP: 7/7
  1642 | D:3      | Identified a scroll of acquirement
  1644 | D:3      | Identified the +2 great mace "Qucoofin" {speed, Str+3} (You
                  | acquired it on level 3 of the Dungeon)
  1733 | D:3      | Found a faded altar of an unknown god.
  1843 | D:3      | Found an opulent altar of Gozag.
  2037 | D:3      | Reached skill level 1 in Armour
  2167 | D:3      | Gained mutation: You have razor-sharp teeth. [Vine Stalker
                  | growth]
  2167 | D:3      | Reached XP level 6. HP: 20/35 MP: 9/9
  2541 | D:4      | Noticed a hippogriff
  2554 | D:4      | Killed a hippogriff
  2555 | D:4      | Reached XP level 7. HP: 16/40 MP: 10/10
  2723 | D:4      | Reached skill level 5 in Dodging
  3176 | D:4      | Reached skill level 1 in Throwing
  3706 | D:4      | Gained mutation: Your bite disrupts and absorbs the magic
                  | of your enemies. [Mana Stalker growth]
  3706 | D:4      | Gained mutation: You are resistant to hostile enchantments.
                  | (MR+) [Mana Stalker growth]
  3706 | D:4      | Reached XP level 8. HP: 32/45 MP: 12/12
  3874 | D:5      | Entered Level 5 of the Dungeon
  4014 | D:5      | Found a staircase to the Ecumenical Temple.
  4038 | D:5      | Found a sparkling altar of Nemelex Xobeh.
  4118 | Temple   | Entered the Ecumenical Temple
  4348 | Temple   | Became a worshipper of Cheibriados the Contemplative
  4553 | D:5      | Found an iron altar of Okawaru.
  4648 | D:5      | Found an ornate altar of the Wu Jian Council.
  4767 | D:6      | Reached skill level 5 in Long Blades
  4782 | D:6      | Reached * piety under Cheibriados
  4862 | D:6      | Reached XP level 9. HP: 45/51 MP: 14/14
  4876 | D:6      | Reached skill level 1 in Invocations
  4941 | D:6      | Learned a level 2 spell: Throw Frost
  5153 | D:6      | Reached skill level 1 in Conjurations
  5525 | D:7      | Reached ** piety under Cheibriados
  5583 | D:7      | Reached skill level 1 in Ice Magic
  5686 | D:7      | Reached skill level 1 in Shields
  6009 | D:7      | Noticed a deep elf mage
  6009 | D:7      | Noticed a red ugly thing
  6009 | D:7      | Noticed a gargoyle
  6175 | D:7      | Killed a deep elf mage
  6176 | D:7      | Reached XP level 10. HP: 22/56 MP: 17/17
  6245 | D:7      | HP: 1/56 [red ugly thing (16)]
  6248 | D:7      | Killed a red ugly thing
  6256 | D:7      | Killed from afar by a gargoyle

Skill      XL: |  1  2  3  4  5  6  7  8  9 10 |
---------------+-------------------------------+-----
Fighting       | 1 2 3 4 |  4.1
Dodging        | 4 5 6 |  6.4
Long Blades    | 1 2 3 4 5 6 |  6.3
Stealth        | 5 |  5.8
Spellcasting   | 1 2 3 4 |  4.2
Armour         | 1 2 3 4 |  4.7
Throwing       | 1 2 3 |  3.3
Invocations    | 2 |  2.6
Conjurations   | 2 3 |  3.0
Ice Magic      | 1 2 |  2.1
Shields        | 1 2 |  2.0
Short Blades   | |  0.5
Maces & Flails | |  0.8

Action                   |  1- 3 |  4- 6 |  7- 9 | 10-12 || total
-------------------------+-------+-------+-------+-------++-------
Melee: Whip              |    10 |       |       |       ||    10
       Bite              |    10 |     9 |   103 |     7 ||   129
       Falchion          |    78 |    86 |   285 |       ||   449
       Dagger            |    27 |    43 |       |       ||    70
       Long sword        |       |       |    33 |    13 ||    46
 Fire: Blowgun           |       |     6 |       |       ||     6
Throw: Tomahawk          |       |    13 |    73 |     3 ||    89
 Cast: Throw Frost       |       |       |     4 |       ||     4
Evoke: Wand              |       |       |       |     3 ||     3
  Use: Scroll            |       |     3 |     3 |       ||     6
       Potion            |       |       |       |     6 ||     6
 Stab: Sleeping          |     5 |     3 |     4 |       ||    12
       Paralysed         |       |       |       |     2 ||     2
  Eat: Chunk             |     3 |     9 |    21 |       ||    33
Armor: Robe              |    43 |    36 |       |       ||    79
       Scale mail        |       |    21 |   160 |    10 ||   191
Dodge: Dodged            |   101 |   100 |   214 |    16 ||   431
Block: Other             |       |       |     8 |       ||     8
       Buckler           |       |       |    46 |    11 ||    57
